 Dungeon Crawl Stone Soup version 0.31-a0-819-gf6de2f5ab6 (webtiles) character file.

Game seed: 240179426028040251

2088 qw the Skirmisher (level 9, -5/55 HPs)
             Began as a Gargoyle Hunter on Sept 23, 2023.
             Was a Believer of Okawaru.
             Slain by a yak (10 damage)
             ... on level 8 of the Dungeon.
             The game lasted 00:02:07 (5781 turns).

qw the Skirmisher (Gargoyle Hunter)                 Turns: 5781, Time: 00:02:08

Health: -5/55      AC: 18    Str: 15    XL:     9   Next: 27%
Magic:  10/12      EV: 15    Int: 10    God:    Okawaru [**....]
Gold:   361        SH:  5    Dex: 17    Spells: 8/8 levels left

rFire   . . .        Y - +3 longbow (drain)
rCold   + . .        (shield currently unavailable)
rNeg    + . .        e - +3 leather armour {Will+}
rPois   inf          a - +1 helmet
rElec   +            m - +0 cloak
rCorr   +            (no gloves)
SInv    .            d - +0 pair of boots
Will    .....        k - amulet of reflection
Stlth   +++          o - ring of Qihae {rElec rC+ Will- rCorr}
HPRegen 0.29/turn    (no ring)
MPRegen 0.13/turn

%: reflection
@: about to teleport, heroic
A: sickness immunity, AC +6, negative energy resistance 1, electricity
resistance, torment resistance 1, petrification resistance
a: Renounce Religion, Heroism


You were on level 8 of the Dungeon.
You worshipped Okawaru.
Okawaru was pleased with you.
You visited 2 branches of the dungeon, and saw 9 of its levels.

You collected 361 gold pieces.


Innate Abilities, Weirdness & Mutations

You are immune to sickness and miasma.
Your stone body is resilient. (AC +6)
You are immune to poison.
You resist negative energy. (rN+)
You are resistant to electric shocks. (rElec)
You are resistant to unholy torment.
You are immune to petrification.


   Skills:
 - Level 6.1(11.1) Fighting
 + Level 9.6(14.6) Ranged Weapons
 - Level 3.5(8.5) Armour
 - Level 2.0(7.0) Dodging
 - Level 1.1(6.1) Stealth
 - Level 5.2 Invocations


You had 8 spell levels left.
You didn't know any spells.
Your spell library was empty.

Inventory:

Hand Weapons
 Y - a +3 longbow of draining (weapon)
Armour
 a - a +1 helmet (worn)
 d - a +0 pair of boots (worn)
 e - a +3 leather armour of willpower (worn)
 m - a +0 cloak (worn)
Jewellery
 k - an amulet of reflection (around neck)
 o - the ring of Qihae (left hand) {rElec rC+ Will- rCorr}
   (You found it on level 3 of the Dungeon)

   [ring of protection from cold]

   rC+:       It protects you from cold.
   rElec:     It insulates you from electricity.
   Will-:     It decreases your willpower.
   rCorr:     It protects you from acid and corrosion.
Scrolls
 c - a scroll of teleportation
 h - a scroll of identify
Potions
 f - a potion of resistance {unknown}
 g - 3 potions of curing
 i - a potion of magic {unknown}
 l - a potion of enlightenment
 n - a potion of berserk rage {unknown}

Dungeon Overview and Level Annotations

Branches:
Dungeon (8/15)             Temple (1/1) D:5
   Lair: D:8-11

Altars:
Ashenzari
Cheibriados
Elyvilon
Fedhas
Gozag
Kikubaaqudgha
Makhleb
Nemelex Xobeh
Okawaru
Ru
Sif Muna
Trog
Uskayaw
Vehumet
Xom
Yredelemnul
Zin
The Shining One

Shops:
D:3 *

Annotations:
D:4 2 runed translucent doors, qw's ghost, amateur GrHu
D:5 3 runed translucent doors, qw's ghost, novice GrHu


Message History

The yak barely misses you.
The yak gores you but does no damage. x2
There is a stone staircase leading up here.
5774 |||
Found retreat position at -1,-3 (floor) with 1 blocking monsters and 3 monsters attacking at destination at distance 3 You shoot an arrow.
The arrow hits the yak!
You drain the yak.
The yak is heavily wounded.
The yak barely misses you. The yak closely misses you. The yak gores you.
The yak gores you but does no damage. x2
5775 |||
Found retreat position at -1,-3 (floor) with 1 blocking monsters and 3 monsters attacking at destination at distance 3 You shoot an arrow.
The arrow hits the yak!
You kill the yak!
Okawaru accepts your kill. You block the yak's attack.
The yak gores you but does no damage. The yak gores you.
You block the yak's attack. x2; The yak barely misses you.
The yak gores you but does no damage. The yak gores you.
You shoot an arrow.
The arrow hits the yak but does no damage.
The yak gores you. You block the yak's attack.
The yak gores you but does no damage. The yak closely misses you.
You shoot an arrow. The arrow hits the yak.
You drain the yak.
The yak is moderately wounded.
The yak closely misses you. The yak gores you but does no damage.
The yak barely misses you. x2
You shoot an arrow. The arrow hits the yak.
The yak is moderately wounded.
The yak barely misses you. x2; The yak gores you! x2
5779 ||| INVOKING Heroism.
You gain the combat prowess of a mighty hero.
The yak gores you but does no damage. You block the yak's attack.
The yak gores you. The yak gores you but does no damage.
You shoot an arrow. The arrow hits the yak.
You drain the yak.
The yak is heavily wounded.
The yak barely misses you. You block the yak's attack. x2
The yak closely misses you. You block the yak's attack. The yak gores you!
The yak barely misses you. The yak misses you.
5781 ||| READING 2 scrolls of teleportation.
As you read the scroll of teleportation, it crumbles to dust.
You feel strangely unstable. You block the yak's attack.
The yak barely misses you. The yak gores you. The yak gores you!
You die...

.... .... ....
#####...
#.....# #.....#
#YY...# #.@...+
#....YY...#
#.........#
#.........#
.............
..............
#########......
#.......##.....


You could see 4 yaks.

Vanquished Creatures
  Joseph (D:7)
  Grinder (D:5)
  2 yaks
  Eustachio (D:4)
  An ice beast (D:7)
  A black bear (D:6)
  Blork the orc (D:5)
  A bullfrog (D:7)
  5 scorpions
  2 jellies
  4 orc priests
  An iguana (D:6)
  A gnoll bouda (D:7)
  9 gnolls
  8 adders
  An ufetubus (D:6)
  3 worms
  3 dart slugs
  10 orcs
  7 ball pythons
  5 endoplasms
  2 giant cockroaches (D:1)
  10 goblins
  12 hobgoblins
  3 quokkas
  16 bats
  3 frilled lizards
  10 kobolds
  2 rats
126 creatures vanquished.

Notes
Turn   | Place    | Note
-------+----------+-------------------------------------------
     0 | D:1      | qw the Gargoyle Hunter began the quest for the Orb.
     0 | D:1      | Reached XP level 1. HP: 12/12 MP: 1/1
     0 | D:1      | 0 ||| qw: Version: 0.3-a-83-gcd0e7d8
     0 | D:1      | 0 ||| qw: Game counter: 1692
     0 | D:1      | 0 ||| qw: Melee chars always use a shield: true
     0 | D:1      | 0 ||| qw: God list: Okawaru
     0 | D:1      | 0 ||| qw: Allow faded altars: false
     0 | D:1      | 0 ||| qw: Do Orc after clearing Dungeon:15 true
     0 | D:1      | 0 ||| qw: Do second Lair branch before Depths: true
     0 | D:1      | 0 ||| qw: Lair rune preference: random
     0 | D:1      | 0 ||| qw: Goals: Normal
     0 | D:1      | 0 ||| PLANNING D:1-11
    82 | D:1      | Reached XP level 2. HP: 17/17 MP: 2/2
   247 | D:1      | Reached XP level 3. HP: 21/21 MP: 3/3
   371 | D:1      | Reached skill level 5 in Ranged Weapons
   749 | D:1      | 749 ||| UPGRADING to +0 pair of boots.
   754 | D:1      | 754 ||| READING scroll labelled FOPRIBLUAGG.
   755 | D:1      | 755 ||| READING scroll labelled HATHRE XYORUILU.
   756 | D:1      | 756 ||| DROPPING scroll of butterflies.
   911 | D:2      | Reached skill level 3 in Fighting
  1114 | D:2      | Reached XP level 4. HP: 28/28 MP: 4/4
  1517 | D:2      | 1517 ||| READING scroll labelled SOELEPTOZXU.
  1537 | D:2      | 1537 ||| READING scroll labelled QAOHUS FOPH.
  1671 | D:3      | Found Buatoawo's General Store.
  1748 | D:3      | Reached XP level 5. HP: 32/32 MP: 5/5
  1776 | D:3      | Found a white marble altar of Elyvilon.
  1842 | D:3      | Found a hide-covered altar of Uskayaw.
  1849 | D:3      | Reached skill level 6 in Ranged Weapons
  1858 | D:3      | Reached skill level 1 in Armour
  1969 | D:3      | Found a broken altar of Ashenzari.
  1990 | D:3      | Identified the ring of Qihae {rElec rC+ Will- rCorr}
  2245 | D:3      | 2245 ||| UPGRADING to +0 helmet.
  2250 | D:3      | 2250 ||| UPGRADING to +0 ring mail.
  2260 | D:3      | 2260 ||| DROPPING +0 leather armour.
  2261 | D:3      | 2261 ||| UPGRADING to ring of Qihae {rElec rC+ Will-
                  | rCorr}.
  2262 | D:3      | 2262 ||| READING scroll labelled ELETU DUUB NOI.
  2266 | D:3      | 2266 ||| READING scroll labelled KOCHET XILIETU.
  2267 | D:3      | 2267 ||| READING scroll labelled IKIGHA KYFFENNEHU.
  2268 | D:3      | 2268 ||| READING scroll labelled MUJOEV OLEUS.
  2269 | D:3      | 2269 ||| DRINKING 2 grey potions.
  2270 | D:3      | 2270 ||| DRINKING 2 red potions.
  2271 | D:3      | 2271 ||| DROPPING potion of invisibility.
  2472 | D:4      | Noticed Eustachio
  2477 | D:4      | 2477 ||| RETREEAATING.
  2478 | D:4      | 2478 ||| STILL RETREEAATING.
  2479 | D:4      | 2479 ||| STILL RETREEAATING.
  2480 | D:4      | 2480 ||| STILL RETREEAATING.
  2481 | D:4      | 2481 ||| STILL RETREEAATING.
  2482 | D:4      | 2482 ||| STILL RETREEAATING.
  2497 | D:4      | 2497 ||| FLEEEEING.
  2498 | D:4      | 2498 ||| FLEEEEING.
  2499 | D:4      | 2499 ||| FLEEEEING.
  2500 | D:4      | 2500 ||| FLEEEEING.
  2501 | D:4      | 2501 ||| FLEEEEING.
  2502 | D:4      | 2502 ||| FLEEEEING.
  2503 | D:4      | 2503 ||| FLEEEEING.
  2504 | D:4      | 2504 ||| FLEEEEING.
  2505 | D:4      | 2505 ||| FLEEEEING.
  2506 | D:4      | 2506 ||| FLEEEEING.
  2511 | D:4      | 2511 ||| FLEEEEING.
  2512 | D:4      | 2512 ||| FLEEEEING.
  2539 | D:4      | Killed Eustachio
  2540 | D:4      | Reached XP level 6. HP: 40/40 MP: 6/6
  2785 | D:4      | Found a large runed translucent door.
  2786 | D:4      | Found a large runed translucent door.
  2789 | D:4      | Noticed qw's ghost (amateur GrHu)
  2919 | D:4      | 2919 ||| UPGRADING to +3 leather armour of willpower.
  2929 | D:4      | 2929 ||| DROPPING +0 ring mail.
  2930 | D:4      | 2930 ||| READING 3 scrolls of identify.
  2930 | D:4      | 2930 ||| IDENTIFYING glowing brown potion
  2931 | D:4      | 2931 ||| READING 2 scrolls of identify.
  2931 | D:4      | 2931 ||| IDENTIFYING lumpy ruby potion
  2932 | D:4      | 2932 ||| DROPPING potion of attraction.
  2949 | D:5      | Entered Level 5 of the Dungeon
  2963 | D:5      | Found a runed translucent gate.
  2963 | D:5      | Found a runed translucent gate.
  2964 | D:5      | Found a runed translucent gate.
  2998 | D:5      | Noticed Blork the orc
  3012 | D:5      | Killed Blork the orc
  3185 | D:5      | Found a staircase to the Ecumenical Temple.
  3186 | D:5      | 3186 ||| PLANNING TEMPLE
  3186 | D:5      | 3186 ||| READING scroll labelled NASEAR SICUC.
  3196 | Temple   | Entered the Ecumenical Temple
  3197 | Temple   | 3197 ||| PLANNING OKAWARU WORSHIP
  3207 | Temple   | Became a worshipper of Warmaster Okawaru
  3208 | Temple   | 3208 ||| PLANNING D:1-11
  3508 | D:5      | Noticed Grinder
  3528 | D:5      | Killed Grinder
  3529 | D:5      | Reached skill level 7 in Ranged Weapons
  3529 | D:5      | Reached XP level 7. HP: 35/44 MP: 7/7
  3565 | D:5      | 3565 ||| READING scroll of enchant weapon.
  3565 | D:5      | 3565 ||| ENCHANTING +1 shortbow.
  3911 | D:5      | Noticed qw's ghost (novice GrHu)
  3917 | D:5      | 3917 ||| DROPPING +0 ring mail of poison resistance.
  3918 | D:5      | 3918 ||| READING scroll labelled WESYHI BUARPHYH.
  3918 | D:5      | Identified a scroll of acquirement
  3918 | D:5      | 3918 ||| ACQUIRING +2 longbow of draining
  3918 | D:5      | Acquired a +2 longbow of draining
  3920 | D:5      | 3920 ||| SWAPPING to +2 longbow of draining.
  3921 | D:5      | 3921 ||| DROPPING +2 shortbow.
  4028 | D:6      | Found a shimmering altar of Xom.
  4143 | D:6      | Reached skill level 8 in Ranged Weapons
  4165 | D:6      | Reached * piety under Okawaru
  4178 | D:6      | Reached skill level 1 in Invocations
  4178 | D:6      | Reached XP level 8. HP: 49/49 MP: 8/8
  4333 | D:6      | 4333 ||| INVOKING Heroism.
  4611 | D:6      | 4611 ||| READING scroll of enchant weapon.
  4611 | D:6      | 4611 ||| ENCHANTING +2 longbow of draining.
  4618 | D:6      | 4618 ||| READING scroll of enchant armour.
  4618 | D:6      | 4618 ||| ENCHANTING +0 helmet.
  4643 | D:6      | Found a burning altar of Makhleb.
  4691 | D:6      | 4691 ||| INVOKING Heroism.
  4785 | D:6      | 4785 ||| UPGRADING to +0 cloak.
  4790 | D:6      | 4790 ||| UPGRADING to amulet of reflection.
  4795 | D:6      | 4795 ||| READING scroll labelled KUMEQY YCOIDGH.
  4796 | D:6      | 4796 ||| DRINKING 3 fizzy ruby potions.
  4810 | D:6      | 4810 ||| DRINKING 2 lumpy brown potions.
  4811 | D:6      | 4811 ||| DROPPING 2 potions of lignification.
  4812 | D:6      | 4812 ||| DROPPING potion of degeneration.
  4959 | D:7      | Reached skill level 3 in Invocations
  5040 | D:7      | 5040 ||| Stepping ~*~*~tactically~*~*~ (retreating).
  5041 | D:7      | 5041 ||| Stepping ~*~*~tactically~*~*~ (retreating).
  5042 | D:7      | 5042 ||| Stepping ~*~*~tactically~*~*~ (retreating).
  5043 | D:7      | 5043 ||| Stepping ~*~*~tactically~*~*~ (retreating).
  5045 | D:7      | 5045 ||| Stepping ~*~*~tactically~*~*~ (retreating).
  5047 | D:7      | 5047 ||| INVOKING Heroism.
  5054 | D:7      | Reached skill level 9 in Ranged Weapons
  5088 | D:7      | Noticed Joseph
  5089 | D:7      | 5089 ||| INVOKING Heroism.
  5095 | D:7      | Killed Joseph
  5095 | D:7      | Reached ** piety under Okawaru
  5096 | D:7      | Reached skill level 3 in Armour
  5224 | D:7      | 5224 ||| INVOKING Heroism.
  5228 | D:7      | Reached XP level 9. HP: 54/54 MP: 9/12
  5455 | D:7      | 5455 ||| INVOKING Heroism.
  5558 | D:7      | Reached skill level 6 in Fighting
  5752 | D:7      | 5752 ||| DROPPING amulet of magic regeneration.
  5766 | D:8      | 5766 ||| STAIRDANCE
  5779 | D:8      | 5779 ||| INVOKING Heroism.
  5780 | D:8      | HP: 8/55 [yak (9)]
  5781 | D:8      | 5781 ||| READING 2 scrolls of teleportation.
  5781 | D:8      | Slain by a yak

Levels and vault maps discovered:
D:1:      dpeg_arrival_rooms_with_view, layout_loops_cross
D:2:      layout_basic, hex_intersection
D:3:      layout_basic, overflow_temple_1_default, mainiacjoe_overflow_paths,
          ashenzari_conservatory_becter, serial_shops, shop
D:4:      layout_gridville, ebering_ghost_disaster_area,
          chequers_serial_rivers_small_3, uniq_eustachio
D:5:      layout_loops_corners, minmay_temple_entry_grid,
          gammafunk_ghost_necromancy, uniq_blork_the_orc, uniq_grinder
D:6:      old_forge, layout_layer_cave, mainiacjoe_overflow_surrounded_room,
          xom_butterflies, dreamdust_wishing_well, minmay_misc_feat_ornament
D:7:      layout_basic, chequers_hall_statues_wall_a, uniq_joseph
D:8:      layout_gridville, nicolae_overflow_crystal_walls,
          nzn_wu_jian_contemplation, gammafunk_ghost_arena
Temple:   nicolae_temple_god_jail

Skill      XL: |  1  2  3  4  5  6  7  8  9 |
---------------+----------------------------+-----
Ranged Weapons | 5 6 7 8 9 |  9.6
Fighting       | 3 5 6 |  6.1
Armour         | 1 3 |  3.5
Dodging        | 2 |  2.0
Invocations    | 1 5 |  5.2
Stealth        | |  1.1

Action                     |  1- 3 |  4- 6 |  7- 9 || total
---------------------------+-------+-------+-------++-------
   Fire: Shortbow          |   127 |   194 |     4 ||   325
         Longbow           |       |       |   107 ||   107
 Invoke: Heroism           |       |       |     7 ||     7
    Use: Scroll            |     2 |     9 |     6 ||    17
         Potion            |       |     2 |     2 ||     4
 Armour: Leather armour    |    29 |    31 |    48 ||   108
         Ring mail         |       |    28 |       ||    28
  Dodge: Dodged            |    28 |    41 |    44 ||   113
  Block: Other             |       |       |    12 ||    12

Table legend:
 A = Non-vault XP
 B = Vault XP
 C = Vault XP percentage of total XP
 D = Non-vault monster count
 E = Vault monster count
 F = Vault count percentage of total count
                 A         B        C        D         E       F
            +---------+---------+-------+---------+---------+-------
      Total |    1519 |    1464 |  49.1 |     103 |      23 |  18.3
            +---------+---------+-------+---------+---------+-------
        D:1 |      52 |       4 |   7.1 |      28 |       2 |   6.7
        D:2 |      40 |       0 |   0.0 |      16 |       0 |   0.0
        D:3 |     151 |       0 |   0.0 |      23 |       0 |   0.0
        D:4 |      23 |     203 |  89.8 |       8 |       1 |  11.1
        D:5 |      61 |     377 |  86.1 |       4 |       2 |  33.3
        D:6 |     237 |     405 |  63.1 |       5 |      17 |  77.3
        D:7 |     749 |     475 |  38.8 |      18 |       1 |   5.3
        D:8 |     206 |       0 |   0.0 |       1 |       0 |   0.0
            +---------+---------+-------+---------+---------+-------
